 Dungeon Crawl Stone Soup version 0.29.1-13-g9f3cf754e1 (webtiles) character file.

Game seed: 12169381083900158764

933 Oxelix the Carver (level 7, -4/64 HPs)
             Began as a Minotaur Gladiator on Jan 31, 2023.
             Was a Follower of Dithmenos.
             Slain by an ogre
             ... wielding a +0 giant spiked club
              (18 damage)
             ... on level 5 of the Dungeon.
             The game lasted 00:06:57 (4869 turns).

Oxelix the Carver (Minotaur Gladiator)              Turns: 4869, Time: 00:06:57

Health: -4/64      AC:  6    Str: 19    XL:     7   Next: 86%
Magic:  6/6        EV: 12    Int:  5    God:    Dithmenos [*.....]
Gold:   162        SH:  5    Dex: 13    Spells: 6/6 levels left

rFire   . . .      SeeInvis .   a - +0 long sword
rCold   + . .      Faith    .   (no shield)
rNeg    . . .      Spirit   .   b - +0 leather armour
rPois   .          Reflect  +   c - +0 hat
rElec   .          Harm     .   D - +2 cloak
rCorr   +          Rampage  .   (no gloves)
Will    .....                   (no boots)
Stlth   +.........              l - amulet of reflection
HPRegen 0.20/turn               o - ring of protection from cold
MPRegen 0.10/turn               q - ring of resist corrosion

@: marked, wreathed by umbra
A: horns 2, retaliatory headbutt
a: Renounce Religion


You were on level 5 of the Dungeon.
You worshipped Dithmenos.
Dithmenos was aware of your devotion.
You visited 1 branch of the dungeon, and saw 5 of its levels.

You collected 162 gold pieces.

Inventory:

Hand Weapons
 a - a +0 long sword (weapon)
 A - a +0 great sword
Missiles
 d - 2 throwing nets (quivered)
 e - a javelin
 m - 6 poisoned darts
Armour
 b - a +0 leather armour (worn)
 c - a +0 hat (worn)
 r - a +0 cloak
 D - a +2 cloak (worn)
Jewellery
 l - an amulet of reflection (around neck)
 o - a ring of protection from cold (left hand)
 q - a ring of resist corrosion (right hand)
Scrolls
 f - a scroll of fear
 g - a scroll of teleportation {unknown}
 j - 4 scrolls of identify {unknown}
 p - 2 scrolls of enchant weapon {unknown}
 t - a scroll of torment {unknown}
 u - 2 scrolls of amnesia {unknown}
 w - a scroll of silence {unknown}
 y - a scroll of magic mapping {unknown}
Potions
 h - 2 potions of cancellation {unknown}
 i - 2 potions of flight {unknown}
 k - a potion of attraction {unknown}
 n - 3 potions of curing
 s - a potion of lignification {unknown}
 v - a potion of degeneration {unknown}
 x - a potion of brilliance
 z - 2 potions of might {unknown}
 B - 2 potions of heal wounds {unknown}
 C - a potion of mutation {unknown}


   Skills:
 + Level 6.6 Fighting
 * Level 9.6 Long Blades
 - Level 2.0 Throwing
 - Level 3.2 Dodging


You had 6 spell levels left.
You didn't know any spells.
Your spell library was empty.

Dungeon Overview and Level Annotations

Branches:
Dungeon (5/15)
 Temple: D:4-7

Altars:
Dithmenos
Hepliaklqana
Nemelex Xobeh
Wu Jian

Shops:
D:4 :   D:5 *


Innate Abilities, Weirdness & Mutations

You have a pair of horns on your head.
You reflexively headbutt those who attack you in melee.


Message History

The alarm trap emits a blaring wail!
A sentinel's mark forms upon you.
You hear an angry hiss.
You hear a bark! x5
You hit the orc.
The orc is heavily wounded.
The orc closely misses you. You furiously retaliate!
You headbutt the orc.
You kill the orc!
Dithmenos accepts your kill. The orc hits you but does no damage.
The orc hits you from afar with a +0 trident.
You barely miss the orc wizard. The orc closely misses you.
The orc hits you with a +0 hand axe. The orc completely misses you.
The orc wizard gestures at you while chanting.
The magic dart hits you!
You barely miss the orc wizard.
The orc wizard points at you and mumbles some strange words.
The magic dart hits you.
The orc hits you from afar with a +0 trident.
You block the orc's attack. The orc barely misses you.
You hit the orc wizard.
The orc wizard is moderately wounded.
You block the orc's attack.
The orc wizard points at you and mumbles some strange words.
The magic dart hits you! The orc misses you. You furiously retaliate!
You headbutt the orc, but do no damage. You hit the orc wizard.
You headbutt the orc wizard.
You kill the orc wizard!
Dithmenos accepts your kill. The orc completely misses you.
The orc hits you but does no damage. You block the orc's attack.
You hit the ogre. Your headbutt misses the ogre.
The ogre is lightly wounded.
The ogre hits you with a +0 giant spiked club!!
* * * LOW HITPOINT WARNING * * *
The orc completely misses you.
The orc hits you from afar with a +0 trident.
* * * LOW HITPOINT WARNING * * *
You block the orc's attack.
The ogre hits you with a +0 giant spiked club!!
You die...

##.....##.##....##
###
#........<.....##
# #..............#
...............#
...............#
#............#
###...oo.....#
###oO......#
##.@##.....#
#####..## ...
####..#..## .
##........##
#..........##
............#
...........>##
...............#
...............#


You could see an ogre and 3 orcs.

Vanquished Creatures
  Sigmund (D:4)
  A water moccasin (D:5)
  An ice beast (D:5)
  2 scorpions (D:4)
  2 howler monkeys
  2 orc wizards
  Natasha (thrice) (D:4)
  11 gnolls (D:4)
  7 adders
  A shadow imp (D:5)
  An ufetubus (D:4)
  A worm (D:3)
  3 dart slugs (D:2)
  8 orcs
  11 ball pythons
  2 bats
  6 endoplasms
  5 giant cockroaches
  6 goblins
  8 hobgoblins
  7 quokkas
  6 frilled lizards
  6 kobolds
  7 rats
108 creatures vanquished.

Notes
Turn   | Place    | Note
-------+----------+-------------------------------------------
     0 | D:1      | Oxelix the Minotaur Gladiator began the quest for the Orb.
     0 | D:1      | Reached XP level 1. HP: 18/18 MP: 0/0
   207 | D:1      | Reached skill level 4 in Long Blades
   278 | D:1      | Reached XP level 2. HP: 25/25 MP: 1/1
   994 | D:2      | Reached XP level 3. HP: 24/31 MP: 2/2
  1240 | D:2      | Reached skill level 5 in Long Blades
  1950 | D:3      | Reached XP level 4. HP: 38/38 MP: 3/3
  2023 | D:3      | Found a hazy altar of Hepliaklqana.
  2027 | D:3      | Found a shadowy altar of Dithmenos.
  2027 | D:3      | Noticed a shadow
  2124 | D:3      | Became a worshipper of Dithmenos the Shadowed
  2403 | D:3      | Found a faded altar of an unknown god.
  2587 | D:4      | Noticed Sigmund
  2618 | D:4      | Noticed Natasha
  2630 | D:4      | Noticed a scorpion
  2632 | D:4      | Killed Natasha
  2636 | D:4      | Killed a scorpion
  2637 | D:4      | Reached skill level 6 in Long Blades
  2637 | D:4      | Reached XP level 5. HP: 9/46 MP: 4/4
  2638 | D:4      | Found Xecurar's Vocational Training.
  2985 | D:4      | Reached * piety under Dithmenos
  3102 | D:4      | Killed Sigmund
  3103 | D:4      | Reached skill level 5 in Fighting
  3103 | D:4      | Reached skill level 7 in Long Blades
  3103 | D:4      | Reached XP level 6. HP: 32/56 MP: 5/5
  3404 | D:4      | Reached skill level 8 in Long Blades
  3467 | D:4      | Noticed Natasha
  3472 | D:4      | Killed Natasha
  3473 | D:4      | Reached XP level 7. HP: 52/61 MP: 6/6
  3638 | D:4      | Noticed Natasha
  3645 | D:4      | Killed Natasha
  4104 | D:4      | Found a sparkling altar of Nemelex Xobeh.
  4122 | D:5      | Entered Level 5 of the Dungeon
  4122 | D:5      | Found Qiokixkuege's Gadget Gallery.
  4184 | D:5      | Reached skill level 9 in Long Blades
  4533 | D:5      | Identified the +8 long sword "Tuerunavefu" {pain, rElec
                  | rPois Will++ Str-5}
  4631 | D:5      | Found an ornate altar of the Wu Jian Council.
  4869 | D:5      | Slain by an ogre

Illustrated notes

Levels and vault maps discovered:
D:1:      doesnt_arrival_eight_statues, layout_loops_corners, minivault_26
D:2:      layout_loops_ring
D:3:      layout_basic, riverfiend_overflow_shadow_ancestor,
          chequers_ecumenical_altar_twisty
D:4:      layout_rooms, nemelex_dance_club_becter, nicolae_shop_vocational,
          uniq_sigmund, uniq_natasha
D:5:      layout_cave_pods, mainiacjoe_overflow_cross_hatched, kennysheep_donut,
          nicolae_shop_gadgets

Skill      XL: |  1  2  3  4  5  6  7 |
---------------+----------------------+-----
Long Blades    | 4 5 6 7 8 9 |  9.6
Fighting       | 3 4 5 6 |  6.6
Throwing       | |  2.0
Dodging        | |  3.2

Action                   |  1- 3 |  4- 6 |  7- 9 || total
-------------------------+-------+-------+-------++-------
Melee: Long sword        |    96 |    98 |    83 ||   277
       Headbutt          |    17 |    19 |    16 ||    52
       Punch             |       |     2 |       ||     2
       Great sword       |       |       |     6 ||     6
Throw: Throwing net      |       |     2 |       ||     2
  Use: Scroll            |       |     1 |       ||     1
       Potion            |       |     1 |       ||     1
Armor: Leather armour    |    20 |    15 |    17 ||    52
Dodge: Dodged            |    62 |    69 |    51 ||   182
Block: Other             |    13 |    28 |    18 ||    59
       Reflection        |     1 |     2 |       ||     3
